 Dungeon Crawl Stone Soup version 0.31-a0-187-gba352fbbf7 (webtiles) character file.

Game seed: 2119071570757318504

2 Gorgondantess the Firebug (level 1, -2/10 HPs)
             Began as a Tengu Fire Elementalist on June 23, 2023.
             Slain by a hobgoblin (4 damage)
             ... on level 1 of the Dungeon.
             The game lasted 00:00:32 (89 turns).

Gorgondantess the Firebug (Tengu Fire Elementalist)   Turns: 89, Time: 00:00:32

Health: -2/10      AC:  2    Str:  8    XL:     1   Next: 30%
Magic:  1/4        EV: 12    Int: 15    God:
Gold:   14         SH:  0    Dex: 14    Spells: 3/4 levels left

rFire   . . .        (no weapon)
rCold   . . .        (no shield)
rNeg    . . .        a - +0 robe
rPois   .            (helmet restricted)
rElec   .            c - scarf {repulsion}
rCorr   .            (no gloves)
SInv    .            (boots unavailable)
Will    .....        (no amulet)
Stlth   ++           (no ring)
HPRegen 0.21/turn    (no ring)
MPRegen 0.09/turn

%: repel missiles
@: no status effects
A: beak, talons 3
a: no special abilities


You were on level 1 of the Dungeon.
You visited 1 branch of the dungeon, and saw 1 of its levels.

You collected 14 gold pieces.

Inventory:

Armour
 a - a +0 robe (worn)
 c - a scarf of repulsion (worn)
Potions
 b - a potion of magic


   Skills:
 - Level 2.1 Dodging
 - Level 2.0 Stealth
 + Level 2.0 Spellcasting
 + Level 1.4 Conjurations
 * Level 3.3 Fire Magic


You had 3 spell levels left.
You knew the following spells:

 Your Spells              Type           Power      Damage    Failure   Level
a - Foxfire               Conj/Fire      32%        2x1d5     9%          1

Your spell library contained the following spells:

 Spells                   Type           Power      Damage    Failure   Level
 Scorch                   Fire           22%        2d6       9%          2
 Inner Flame              Hex/Fire       6%         N/A       32%         3
 Volatile Blastmotes      Fire/Tloc      12%        2d11      32%         3
 Flame Wave               Conj/Fire      8%         2d5       63%         4


Dungeon Overview and Level Annotations

Branches:
Dungeon (1/15)

Altars:


Innate Abilities, Weirdness & Mutations

You have a beak for a mouth.
You have claws for feet.


Message History

The foxfire hits the kobold.
The kobold is severely wounded.
The foxfire hits the kobold.
The kobold is severely wounded.
The kobold closely misses you.
You conjure some foxfire!
The hobgoblin hits you.
You barely miss the hobgoblin.
You peck the hobgoblin, but do no damage.
The hobgoblin is severely wounded.
The foxfire hits the kobold but does no damage.
The kobold is severely wounded.
The foxfire hits the kobold but does no damage.
The kobold is severely wounded.
The hobgoblin misses you.
The kobold hits you with a +0 short sword.
The hobgoblin attacks as you move away!
The hobgoblin hits you but does no damage.
The kobold hits you with a +0 short sword.
The hobgoblin attacks as you move away! The hobgoblin closely misses you.
The hobgoblin attacks as you move away! The hobgoblin barely misses you.
The kobold attacks as you move away! The kobold hits you with a +0 club.
The kobold attacks as you move away! The kobold hits you but does no damage.
The kobold throws a stone.
The stone hits you but does no damage.
You are too injured to fight recklessly!
The kobold barely misses you.
You hit the kobold.
You kill the kobold!
You hit the kobold but do no damage.
The kobold is heavily wounded.
The kobold completely misses you.
You barely miss the kobold. You claw the kobold.
The kobold is severely wounded.
The kobold hits you with a +0 short sword.
* * * LOW HITPOINT WARNING * * *
You hit the kobold.
You kill the kobold!
You hit the hobgoblin.
The hobgoblin is severely wounded.
The hobgoblin hits you.
You die...

#............. #########
#.####K######. #....$.J#
#.##>##### #.#
..#####K##....<########.#####.#
........##.#####...............
....###.##'#.########.#.##.##.#
.# #.......## #.#.# #
##.......######.#..
...........g@.....####
####.......######## ##.....##
##...## ##.## #.# #.#


You could see a hobgoblin.

Vanquished Creatures
  2 kobolds (D:1)
2 creatures vanquished.

Vanquished Creatures (others)
  8 foxfires (D:1)
8 creatures vanquished.

Grand Total: 10 creatures vanquished

Notes
Turn   | Place    | Note
-------+----------+-------------------------------------------
     0 | D:1      | Gorgondantess the Tengu Fire Elementalist began the quest
                  | for the Orb.
     0 | D:1      | Reached XP level 1. HP: 10/10 MP: 4/4
    89 | D:1      | Slain by a hobgoblin

Illustrated notes

Levels and vault maps discovered:
D:1:      amcnicky_arrival_choice, layout_loops_ring,
          dilly_ecumenical_altar_fadedgnrine, solitary_fountain

Action                     || total
---------------------------++-------
  Melee: Unarmed           ||     6
         Kick              ||     1
         Peck              ||     1
   Cast: Foxfire           ||     4
 Armour: Robe              ||     4
  Dodge: Dodged            ||     7

Table legend: (Time is in decaauts)
 A = Elapsed time spent in this place.
 B = Non-inter-level travel time spent in this place.
 C = Inter-level travel time spent in this place.
 D = Time resting spent in this place.
 E = Time spent auto-exploring this place.
 F = Levels seen in this place.
 G = Mean time per level.
                   A        B        C        D        E       F      G
               +--------+--------+--------+--------+--------+-----+--------+
         Total |     89 |     89 |      0 |      0 |     39 |   1 |   89.0 |
       Dungeon |     89 |     89 |      0 |      0 |     39 |   1 |   89.0 |
               +--------+--------+--------+--------+--------+-----+--------+

Top non-repeatable levels by time:
     D:1: 89 daAuts
